 Dungeon Crawl Stone Soup version 0.26-a0-712-ga5a9c9c9d0 (webtiles) character file.

Game seed: 234744844716962581

829 ipx the Digger (level 7, 0/36 HPs)
             Began as a Deep Elf Earth Elementalist on Nov 13, 2020.
             Was a Follower of Vehumet.
             Slain by an ogre
             ... wielding a cursed -1 giant club
              (4 damage)
             ... on level 6 of the Dungeon.
             The game lasted 00:21:08 (1255 turns).

ipx the Digger (Deep Elf Earth Elementalist)        Turns: 1255, Time: 00:21:08

Health: 0/36       AC: 12    Str:  5    XL:     7   Next: 65%
Magic:  4/15       EV: 12    Int: 22    God:    Vehumet [*.....]
Gold:   236        SH:  0    Dex: 15    Spells: 1/14 levels left

rFire    . . .     SeeInvis .   a - +4 dire flail (protect)
rCold    . . .     Faith    .   (shield currently unavailable)
rNeg     + . .     Spirit   .   r - +2 leather armour {rPois}
rPois    +         Reflect  .   (no helmet)
rElec    .         Harm     .   d - scarf {repulsion}
rCorr    .         Rampage  .   (no gloves)
MR       .....                  (no boots)
Stlth    ++........             (no amulet)
HPRegen  0.12/turn              E - ring of positive energy
MPRegen  0.14/turn              P - ring of poison resistance

@: mighty, brilliant, protection aura, repel missiles
A: no striking features
a: Renounce Religion


You were on level 6 of the Dungeon.
You worshipped Vehumet.
Vehumet was aware of your devotion.
You visited 1 branch of the dungeon, and saw 7 of its levels.

You collected 236 gold pieces.

Inventory:

Hand Weapons
 a - a +4 dire flail of protection (weapon)
 g - a +0 short sword
Missiles
 b - 37 stones
 i - 28 poisoned darts (quivered)
Armour
 c - a +0 robe
 d - a scarf of repulsion (worn)
 r - a +2 leather armour of poison resistance (worn)
Jewellery
 E - a ring of positive energy (left hand)
 L - an uncursed ring of flight
 P - a ring of poison resistance (right hand)
Wands
 k - a wand of digging (4)
 o - a wand of flame (16)
Scrolls
 f - a scroll of random uselessness
 h - a scroll of remove curse
 m - a scroll of amnesia
Potions
 j - a potion of heal wounds {unknown}
 l - a potion of magic {unknown}
 p - 2 potions of haste


   Skills:
 - Level 2.4 Dodging
 - Level 2.4 Stealth
 - Level 4.0 Spellcasting
 - Level 5.0 Conjurations
 - Level 4.0 Transmutations
 + Level 7.2 Earth Magic


You had one spell level left.
You knew the following spells:

 Your Spells              Type           Power        Failure   Level
b - Petrify               Tmut/Erth      #####...     19%         4
d - Lee's Rapid Deconstr  Erth           ######....   26%         5
q - Sandblast             Erth           ######       1%          1
r - Stone Arrow           Conj/Erth      #####.       4%          3

Your spell library contained the following spells:

 Spells                   Type           Power        Failure   Level
 Freeze                   Ice            #...         19%         1
 Passwall                 Tmut/Erth      #####...     2%          2


Dungeon Overview and Level Annotations

Branches:
Dungeon (7/15)
 Temple: D:4-7

Altars:
Elyvilon
Hepliaklqana
Vehumet
Xom
The Shining One


Message History

You kill the centaur!
Vehumet accepts your kill.
Training target 4.0 for Transmutations reached!
Your Transmutations skill increases to level 4!
Your Earth Magic skill increases to level 7!
The ogre closely misses you.
Evoke which item? (* to show all) (? for menu, Esc to quit)
Okay, then.
It was a potion of brilliance.
You feel clever all of a sudden. The ogre barely misses you.
Casting: Sandblast (safe; 1% risk of failure)
Confirm with . or Enter, or press ? or * to list all spells.
Aiming: Stone Arrow (dangerous; 4% risk of failure)
Press: ? - help, Shift-Dir - straight line, f - ogre
Aim: an ogre, wielding a -1 giant club You feel a surge of power!
The stone arrow hits the ogre!!
The ogre is severely wounded.
The ogre hits you with a cursed -1 giant club.
You die...

#.............#
#.............#
##.....##...###
########...#######.
#.....'......
#.....#......
##....# .....
##....# ....
#...@># ... #...#O#
#. #..##h# #.# .Z.
## .... .....
O._.... ....##


You could see an ogre, a hound and an adder zombie.

Vanquished Creatures
  Eustachio (D:6)
  Edmund (D:4)
  2 centaurs (D:6)
  Blork the orc (D:4)
  A wight (D:7)
  A howler monkey (D:6)
  A hound (D:6)
  A centaur skeleton (D:7)
  An orc priest (D:4)
  Ijyb (D:3)
  2 worker ants (D:6)
  3 gnolls (D:4)
  3 adders
  An ooze (D:1)
  A worm (D:4)
  A dart slug (D:4)
  3 leopard geckos
  4 orcs
  4 giant cockroaches
  4 goblins (D:1)
  2 hobgoblins
  8 kobolds
  A quokka (D:6)
  3 bats (D:2)
  2 frilled lizards (D:1)
  A jackal skeleton (D:4)
  2 rats
56 creatures vanquished.

Notes
Turn   | Place    | Note
-------+----------+-------------------------------------------
     0 | D:1      | ipx the Deep Elf Earth Elementalist began the quest for the
                  | Orb.
     0 | D:1      | Reached XP level 1. HP: 10/10 MP: 6/6
    48 | D:1      | Reached XP level 2. HP: 15/15 MP: 3/8
   172 | D:2      | Reached skill level 4 in Earth Magic
   173 | D:2      | Found a hazy altar of Hepliaklqana.
   320 | D:2      | Reached XP level 3. HP: 19/19 MP: 7/10
   325 | D:2      | Learned a level 3 spell: Stone Arrow
   471 | D:3      | Noticed Ijyb
   477 | D:3      | Killed Ijyb
   477 | D:3      | Reached skill level 1 in Conjurations
   521 | D:3      | Found a shimmering altar of Xom.
   596 | D:4      | Found a radiant altar of Vehumet.
   606 | D:4      | Became a worshipper of Vehumet
   650 | D:4      | Reached XP level 4. HP: 24/24 MP: 7/12
   650 | D:4      | Noticed Blork the orc
   662 | D:4      | Killed Blork the orc
   662 | D:4      | Reached XP level 5. HP: 28/28 MP: 3/13
   707 | D:4      | Noticed Edmund
   729 | D:4      | Killed Edmund
   729 | D:4      | Reached skill level 5 in Earth Magic
   729 | D:4      | Reached XP level 6. HP: 10/32 MP: 1/14
   775 | D:4      | Learned a level 5 spell: Lee's Rapid Deconstruction
   826 | D:4      | Found a white marble altar of Elyvilon.
   842 | D:5      | Entered Level 5 of the Dungeon
   999 | D:6      | Reached skill level 5 in Conjurations
  1005 | D:6      | Learned a level 4 spell: Petrify
  1027 | D:6      | Noticed Eustachio
  1036 | D:6      | Killed Eustachio
  1036 | D:6      | Reached skill level 6 in Earth Magic
  1036 | D:6      | Reached XP level 7. HP: 13/36 MP: 1/15
  1219 | D:6      | Reached * piety under Vehumet
  1219 | D:6      | Offered knowledge of Freeze by Vehumet.
  1243 | D:6      | Found a glowing golden altar of the Shining One.
  1253 | D:6      | Reached skill level 7 in Earth Magic
  1255 | D:6      | Slain by an ogre

Illustrated notes

Levels and vault maps discovered:
D:1:      lightli_arrival_chessboard, layout_basic, chequers_avenue
D:2:      layout_loops_ring, nicolae_overflow_crystal_walls, ashenzari_altar_1
D:3:      layout_rooms, brannock_xom_greatest_gift,
          chequers_ecumenical_altar_simple_redux, corexii_shack, uniq_sigmund,
          uniq_ijyb
D:4:      layout_layer_cave, elyvilon_altar_4, fiery_altar_vehumet,
          uniq_blork_the_orc, uniq_edmund, uniq_pikel
D:5:      layout_cave_pods
D:6:      layout_gridville, lemuel_round_altar, uniq_eustachio
D:7:      layout_basic, minmay_temple_entry_wispy, enter_bailey_3,
          hangedman_abyss_or_decor_lesser_grid, grunt_decor_fettered

Skill      XL: |  1  2  3  4  5  6  7 |
---------------+----------------------+-----
Spellcasting   | 4 |  4.0
Earth Magic    | 4 5 6 7 |  7.2
Conjurations   | 2 3 4 5 |  5.0
Transmutations | 2 4 |  4.0
Dodging        | |  2.4
Stealth        | |  2.4

Action                   |  1- 3 |  4- 6 |  7- 9 || total
-------------------------+-------+-------+-------++-------
Melee: Short sword       |    12 |     5 |       ||    17
       Dire flail        |       |       |     3 ||     3
Throw: Dart              |       |     4 |       ||     4
       Stone             |       |     4 |       ||     4
 Cast: Sandblast         |    40 |    25 |    28 ||    93
       Stone Arrow       |     2 |     6 |     1 ||     9
Evoke: Wand              |       |       |     1 ||     1
  Use: Scroll            |     1 |     5 |     3 ||     9
       Potion            |       |     2 |     3 ||     5
 Stab: Sleeping          |     1 |       |       ||     1
Armor: Robe              |     5 |       |       ||     5
       Skin              |       |    12 |       ||    12
       Leather armour    |       |       |     2 ||     2
Dodge: Dodged            |    13 |     8 |    26 ||    47

Table legend: (Time is in decaauts)
 A = Elapsed time spent in this place.
 B = Non-inter-level travel time spent in this place.
 C = Inter-level travel time spent in this place.
 D = Time resting spent in this place.
 E = Time spent auto-exploring this place.
 F = Levels seen in this place.
 G = Mean time per level.
                   A        B        C        D        E       F      G
               +--------+--------+--------+--------+--------+-----+--------+
         Total |   1292 |   1274 |     18 |      0 |      0 |   7 |  184.6 |
       Dungeon |   1292 |   1274 |     18 |      0 |      0 |   7 |  184.6 |
               +--------+--------+--------+--------+--------+-----+--------+

Top non-repeatable levels by time:
     D:6: 314 daAuts
     D:4: 309 daAuts
     D:2: 240 daAuts
     D:1: 167 daAuts
     D:3: 155 daAuts
     D:5: 90 daAuts
     D:7: 14 daAuts
